 Dungeon Crawl Stone Soup version 0.20-b1-2-gc5a9893 (webtiles) character file.

11450 mike2R the Destroyer (level 11, -4/64 HPs)
             Began as a Deep Elf Conjurer on May 21, 2017.
             Was a Believer of Vehumet.
             Killed from afar by an efreet (12 damage)
             ... with a fireball
             ... in a volcano.
             The game lasted 01:31:49 (13183 turns).

mike2R the Destroyer (Deep Elf Conjurer)           Turns: 13183, Time: 01:31:50

Health: -4/64      AC: 12    Str: 10    XL:     11   Next: 49%
Magic:  9/26       EV: 28    Int: 24    God:    Vehumet [**....]
Gold:   432        SH:  2    Dex: 20    Spells: 4/28 levels left

rFire    + + .     SeeInvis +   b - +3 mace of Qyga Guak {freeze, rF+}
rCold    + . .     Gourm    .   (no shield)
rNeg     . . .     Faith    .   k - +1 leather armour {rPois}
rPois    +         Spirit   .   o - +0 helmet
rElec    +         Reflect  +   O - +2 cloak
rCorr    +         Harm     .   (no gloves)
MR       +....                  h - +2 pair of boots
Stlth    +++.......             M - +2 amulet of reflection
Regen    0.2/turn               r - +4 ring of evasion
MPRegen  0.2/turn               l - ring of see invisible

@: mighty, agile, resistant, very slightly contaminated
A: no striking features
a: Renounce Religion


You were in a volcano.
You worshipped Vehumet.
Vehumet was pleased with you.
You were not hungry.

You visited 3 branches of the dungeon, and saw 12 of its levels.
You also visited: Volcano.

You collected 552 gold pieces.
You spent 120 gold pieces at shops.

Inventory:

Hand Weapons
 b - the +3 mace of Qyga Guak (weapon) {freeze, rF+}
   (You found it on level 7 of the Dungeon)

   It has been specially enchanted to freeze those struck by it, causing extra
   injury to most foes and up to half again as much damage against particularly
   susceptible opponents.
   It can also slow down cold-blooded creatures.
   It protects you from fire.
Missiles
 P - 5 tomahawks (quivered)
Armour
 h - a +2 pair of boots (worn)
 k - a +1 leather armour of poison resistance (worn)
 o - a +0 helmet (worn)
 D - a +0 robe of positive energy
 O - a +2 cloak (worn)
Magical Staves
 a - an uncursed staff of power
Jewellery
 e - an uncursed ring of wizardry
 l - a ring of see invisible (right hand)
 r - a +4 ring of evasion (left hand)
 G - an uncursed ring of ice
 K - an uncursed ring of magical power
 M - a +2 amulet of reflection (around neck)
 R - a +2 ring of protection {unknown}
Wands
 j - a wand of scattershot (8/9)
 y - a wand of random effects (32/48)
 A - a wand of paralysis (3/24)
 N - a wand of polymorph (7/24)
Scrolls
 f - a scroll of amnesia
 m - 2 scrolls of fog
 n - 3 scrolls of remove curse
 v - a scroll of recharging
 z - a scroll of enchant armour {unknown}
 C - a scroll of enchant weapon {unknown}
 F - a scroll of blinking
 S - a scroll of holy word {unknown}
 U - a scroll of fear {unknown}
Potions
 d - a potion of might
 s - 6 potions of curing
 u - a potion of haste
 B - 3 potions of flight
 E - a potion of cancellation
 T - a potion of brilliance
Books
 I - a book of Misfortune

   Spells                             Type                      Level
   a - Confusing Touch                Hexes                        1
   b - Confuse                        Hexes                        3
   c - Gell's Gravitas                Translocation                3
   d - Petrify                        Transmutation/Earth          4
   e - Metabolic Englaciation         Hexes/Ice                    5
   f - Yara's Violent Unravelling     Hexes/Transmutation          5
 L - a book of Conjurations

   Spells                             Type                      Level
   a - Magic Dart                     Conjuration                  1
   b - Searing Ray                    Conjuration                  2
   c - Dazzling Spray                 Conjuration/Hexes            3
   d - Fulminant Prism                Conjuration/Hexes            4
   e - Force Lance                    Conjuration/Translocation    4
   f - Iskenderun's Mystic Blast      Conjuration                  4
Comestibles
 c - 10 bread rations
 p - 6 meat rations
 H - 2 royal jellies


   Skills:
 - Level 6.0 Fighting
 - Level 5.2 Staves
 - Level 5.1 Armour
 - Level 9.1 Dodging
 - Level 2.4 Stealth
 - Level 9.0 Spellcasting
 - Level 9.6 Conjurations
 - Level 4.1 Hexes
 + Level 7.7 Translocations


You had 4 spell levels left.
You knew the following spells:

 Your Spells              Type           Power        Failure   Level  Hunger
a - Magic Dart            Conj           ####         1%          1    None
b - Searing Ray           Conj           ######       1%          2    None
c - Dazzling Spray        Conj/Hex       #####.       1%          3    None
d - Iskenderun's Mystic   Conj           ######..     1%          4    ##.....
e - Force Lance           Conj/Tloc      ######..     1%          4    ##.....
f - Fulminant Prism       Conj/Hex       #####.....   4%          4    ##.....
g - Gell's Gravitas       Tloc           #####.....   1%          3    None
h - Confuse               Hex            ####....     4%          3    None


Dungeon Overview and Level Annotations

Branches:
Dungeon (9/15)             Temple (1/1) D:6            Lair (2/6) D:9
 Shoals (0/4) Lair:2       Spider (0/4) Lair:2
    Orc: D:9-12

Altars:
Ashenzari
Cheibriados
Dithmenos
Elyvilon
Fedhas
Gozag
Hepliaklqana
Kikubaaqudgha
Makhleb
Nemelex Xobeh
Okawaru
Qazlal
Ru
Sif Muna
Trog
Uskayaw
Vehumet
Xom
Yredelemnul
Zin
The Shining One

Shops:
D:7 =

Annotations:
Volcano IjonTichy1's ghost, journeyman BaIE; MTVSty1e's ghost, journeyman MiFi


Message History

Aiming: Force Lance
Press: ? - help, Shift-Dir - straight line, f - efreet
Aim: an efreet, wielding a scimitar of flaming The lance of force hits the efreet.
The efreet is moderately wounded.
The efreet is knocked back by the lance of force.
You close the door.
The efreet gestures at you.
The fireball explodes!
The fireball engulfs you! You resist.
* * * LOW HITPOINT WARNING * * *
You feel protected.
Okay, then.
Casting: Force Lance
Confirm with . or Enter, or press ? or * to list all spells.
Aiming: Fulminant Prism
Press: ? - help, Dir - move target cursor, p - efreet You conjure a prism of explosive energy!
The efreet gestures at you.
The fireball explodes!
The fireball engulfs you! You resist.
You die... §§§§≈≈ §§§≈≈ E§≈≈ vv≈

≈≈ §## ##+#
##.@# ##..≈##
##*..≈≈#
##.§R§§≈##
#.§≈§≈§§≈#
##.§≈§≈§≈#
##§.§≈≈##
###+###+###
##.........##


You could see an efreet and a friendly fulminant prism.

Vanquished Creatures
  A two-headed ogre (D:9)
  Erica (D:9)
  A queen ant (Lair:2)
  The ghost of nicetomeet the Quickloader, a novice KoHu of Dithmenos (D:6)
  Joseph (D:7)
  A black mamba (Lair:2)
  3 spiny frogs
  A merfolk (D:9)
  2 trolls (D:9)
  3 hippogriffs
  Grinder (D:4)
  Sigmund (D:2)
  A wraith (D:9)
  A basilisk (Lair:1)
  A wyvern (Lair:2)
  4 soldier ants (Lair:2)
  4 water moccasins
  3 porcupines
  A phantom (D:6)
  4 ice beasts
  2 sky beasts
  2 black bears
  4 centaurs
  11 ogres
  A wyvern zombie (D:6)
  4 bullfrogs
  2 scorpions
  A killer bee (D:7)
  2 wights (D:9)
  2 troll zombies (D:9)
  4 howler monkeys (D:7)
  2 crimson imps
  3 hounds
  2 human zombies (D:9)
  A centaur skeleton (D:4)
  A jelly (D:7)
  5 orc priests
  3 human skeletons (D:9)
  Crazy Yiuf (D:7)
  5 bullfrog skeletons
  6 iguanas
  7 orc wizards
  14 worker ants
  A killer bee zombie (D:6)
  2 mummies (D:9)
  A worker ant zombie (D:6)
  15 gnolls
  6 adders
  A shadow imp (D:7)
  An ooze (D:2)
  3 adder skeletons
  5 worms
  5 dart slugs
  2 leopard geckos
  22 orcs
  4 giant cockroaches
  12 goblins
  15 hobgoblins
  7 jackals
  3 quokkas
  2 ball pythons
  7 bats
  4 frilled lizards
  A giant cockroach zombie (D:5)
  7 kobolds
  A leopard gecko skeleton (D:5)
  A quokka zombie (D:7)
  12 rats
261 creatures vanquished.

Vanquished Creatures (others)
  29 fulminant prisms
29 creatures vanquished.

Grand Total: 290 creatures vanquished

Notes
Turn   | Place    | Note
-------+----------+-------------------------------------------
     0 | D:1      | mike2R the Deep Elf Conjurer began the quest for the Orb.
     0 | D:1      | Reached XP level 1. HP: 10/10 MP: 6/6
   182 | D:1      | Reached XP level 2. HP: 15/15 MP: 5/8
   257 | D:1      | Learned a level 2 spell: Searing Ray
   626 | D:1      | Found a glowing golden altar of the Shining One.
   808 | D:2      | Reached XP level 3. HP: 19/19 MP: 8/10
   809 | D:2      | Noticed Sigmund
   892 | D:2      | Killed Sigmund
   892 | D:2      | Reached skill level 5 in Spellcasting
   892 | D:2      | Reached XP level 4. HP: 10/24 MP: 1/13
   892 | D:2      | Reached XP level 5. HP: 12/28 MP: 1/15
   897 | D:2      | Learned a level 3 spell: Dazzling Spray
   902 | D:2      | Learned a level 4 spell: Iskenderun's Mystic Blast
   907 | D:2      | Learned a level 4 spell: Force Lance
  2057 | D:3      | Found an iron altar of Okawaru.
  2081 | D:3      | Reached XP level 6. HP: 32/32 MP: 7/17
  3354 | D:3      | Learned a level 4 spell: Fulminant Prism
  3533 | D:4      | Reached XP level 7. HP: 26/36 MP: 2/19
  3810 | D:4      | Found a shadowy altar of Dithmenos.
  4272 | D:4      | Found a shattered altar of Ashenzari.
  4319 | D:4      | Found a burning altar of Makhleb.
  4465 | D:4      | Noticed Grinder
  4470 | D:4      | Killed Grinder
  4604 | D:4      | Reached XP level 8. HP: 41/41 MP: 13/20
  4713 | D:5      | Entered Level 5 of the Dungeon
  4770 | D:5      | Reached skill level 1 in Fighting
  5883 | D:5      | Reached skill level 5 in Dodging
  6368 | D:6      | Noticed nicetomeet's ghost (novice KoHu)
  6377 | D:6      | Killed nicetomeet's ghost
  6377 | D:6      | Reached XP level 9. HP: 29/52 MP: 16/21
  6516 | D:6      | Reached skill level 1 in Armour
  7133 | D:6      | Found a staircase to the Ecumenical Temple.
  7145 | Temple   | Entered the Ecumenical Temple
  7365 | Temple   | Became a worshipper of Vehumet
  8049 | D:7      | Reached skill level 5 in Armour
  8148 | D:7      | Reached skill level 1 in Staves
  8229 | D:7      | Found Budwef's Jewellery Shoppe.
  8309 | D:7      | Bought a +2 amulet of reflection for 120 gold pieces
  8459 | D:7      | Reached * piety under Vehumet
  8459 | D:7      | Offered knowledge of Flame Tongue by Vehumet.
  8464 | D:7      | Noticed Joseph
  8496 | D:7      | Killed Joseph
  8496 | D:7      | Reached skill level 5 in Staves
  8496 | D:7      | Reached XP level 10. HP: 28/56 MP: 5/22
  8501 | D:7      | Learned a level 3 spell: Gell's Gravitas
  8734 | D:7      | Got a shimmering mace
  8735 | D:7      | Identified the +3 mace of Qyga Guak {freeze, rF+} (You found it on level 7 of the Dungeon)
  8863 | D:7      | Found a runed door.
  8867 | D:7      | Noticed Crazy Yiuf
  8870 | D:7      | Killed Crazy Yiuf
  9114 | D:7      | Reached skill level 1 in Translocations
  9860 | D:8      | Reached skill level 1 in Hexes
  9919 | D:8      | Found a white marble altar of Elyvilon.
 10170 | D:9      | Noticed a two-headed ogre
 10181 | D:9      | Killed a two-headed ogre
 10236 | D:9      | Learned a level 3 spell: Confuse
 10266 | D:9      | Noticed Erica
 10272 | D:9      | Killed Erica
 10467 | D:9      | Reached skill level 5 in Fighting
 10568 | D:9      | Found a staircase to the Lair.
 10739 | D:9      | Found a deep blue altar of Sif Muna.
 11302 | D:9      | Found a basalt altar of Yredelemnul.
 11519 | D:9      | Offered knowledge of Throw Frost by Vehumet.
 11519 | D:9      | Reached ** piety under Vehumet
 11942 | Lair:1   | Entered Level 1 of the Lair of Beasts
 12083 | Lair:1   | Noticed a spiny frog
 12084 | Lair:1   | Reached XP level 11. HP: 63/64 MP: 26/26
 12891 | Lair:2   | Reached skill level 5 in Translocations
 12957 | Lair:2   | Offered knowledge of Mephitic Cloud by Vehumet.
 12978 | Lair:2   | Noticed a queen ant
 13017 | Lair:2   | Killed a queen ant
 13157 | Lair:2   | Found a dark tunnel.
 13162 | Volcano  | Entered a volcano
 13162 | Volcano  | Noticed MTVSty1e's ghost (journeyman MiFi)
 13162 | Volcano  | Noticed IjonTichy1's ghost (journeyman BaIE)
 13172 | Volcano  | HP: 3/64 [MTVSty1e's ghost (7)]
 13172 | Volcano  | HP: 1/64 [MTVSty1e's ghost (2)]
 13183 | Volcano  | Killed from afar by an efreet

Skill      XL: |  1  2  3  4  5  6  7  8  9 10 11 |
---------------+----------------------------------+-----
Spellcasting   | 4 5 6 7 9 |  9.0
Conjurations   | 6 7 9 |  9.6
Fighting       | 4 5 6 |  6.0
Dodging        | 6 8 9 |  9.1
Armour         | 5 |  5.1
Staves         | 5 |  5.2
Translocations | 3 7 |  7.7
Hexes          | 4 |  4.1
Stealth        | |  2.4

Action                   |  1- 3 |  4- 6 |  7- 9 | 10-12 || total
-------------------------+-------+-------+-------+-------++-------
Melee: Spear             |       |     4 |       |       ||     4
       Flail             |       |       |     1 |       ||     1
       Staff             |       |       |     4 |     7 ||    11
       Unarmed           |       |       |     1 |     7 ||     8
       Mace              |       |       |       |    43 ||    43
 Cast: Magic Dart        |    45 |   121 |   102 |    77 ||   345
       Searing Ray       |     3 |     8 |    29 |     9 ||    49
       Dazzling Spray    |       |     3 |    11 |     5 ||    19
       Force Lance       |       |     2 |     7 |    26 ||    35
       Iskenderun's Myst |       |     1 |    59 |    77 ||   137
       Fulminant Prism   |       |       |     9 |    21 ||    30
       Gell's Gravitas   |       |       |       |     3 ||     3
       Confuse           |       |       |       |     1 ||     1
Evoke: Wand              |       |       |     2 |     1 ||     3
  Use: Scroll            |       |     1 |     6 |    14 ||    21
       Potion            |       |       |     4 |     8 ||    12
 Stab: Invisible         |       |     1 |       |       ||     1
  Eat: Chunk             |       |     8 |    12 |    16 ||    36
       Royal jelly       |       |       |     2 |     2 ||     4
       Meat ration       |       |       |     1 |       ||     1
Armor: Robe              |     2 |     2 |     6 |       ||    10
       Leather armour    |       |       |     1 |    28 ||    29
Dodge: Dodged            |     5 |    10 |    50 |   123 ||   188
Block: Other             |       |       |     2 |     7 ||     9
